Map: Prion Terraces

Players

DamnRascal

  • Race: Zerg Zerg
  • League: Gold

LindyHop - Winner!

  • Race: Zerg Zerg
  • League: Gold

VOD

Have the link to the VOD?

Description

Time

  • Played on: Dec. 5, 2015, 7:43 p.m.
  • Length: 6:56
Show
View Real Time Build Order
Export as new Build Order

DamnRascal Zerg 

Build Orders: Hatch First 

Get SALT Encoding   

  12  0:01  Drone  
  13  0:12  Overlord  
  13  0:17  Drone  
  14  0:31  Drone x2  
  14  0:34  Drone  
  17  1:04  Hatchery, Extractor  
  17  1:05  Drone x2  
  17  1:06  Drone  
  18  1:24  Spawning Pool  
  17  1:29  Drone x2  
  19  2:00  Overlord  
  19  2:12  Queen  
  19  2:13  Zergling x2  
  22  2:21  Metabolic Boost  
  22  2:28  Queen  
  24  2:31  Drone  
  24  2:32  Drone x4  
  28  2:48  Zergling x2  
  28  2:57  Roach Warren  
  28  2:58  Drone x2  
  28  2:59  Drone  
  28  3:01  Spine Crawler  
  29  3:15  Queen  
  29  3:17  Overlord x2  
  28  3:39  Roach  
  28  3:40  Roach x4, Zergling x2  
Show
View Real Time Build Order
Export as new Build Order

LindyHop Zerg - Winner!

Build Orders: Pool First 

Get SALT Encoding   

  12  0:01  Drone  
  13  0:07  Drone  
  14  0:27  Spawning Pool  
  13  0:30  Drone  
  13  0:33  Extractor  
  13  0:39  Overlord  
  13  0:45  Drone  
  14  0:59  Drone x2  
  16  1:24  Hatchery  
  15  1:31  Zergling x2  
  16  1:35  Metabolic Boost  
  16  1:48  Queen  
  16  1:52  Zergling x2  
  19  1:58  Zergling x2  
  20  2:08  Baneling Nest  
  19  2:19  Drone x2  
  20  2:45  Zergling x8  
  20  2:50  Zergling x2  
  25  2:59  Zergling x6  
  28  3:09  Baneling x2  
  28  3:16  Baneling x2  
  28  3:18  Overlord  
  28  3:21  Overlord  
  27  3:36  Zergling x8  
  27  3:37  Zergling x2  
  28  3:43  Zergling x4  
  30  3:54  Zergling x2  
  30  3:55  Zergling x4  
  28  4:05  Drone x2  
  30  4:15  Drone x2  
  30  4:20  Zergling x2  
  30  4:25  Zergling x2  
  32  4:31  Zergling x2  
  32  4:38  Zergling x8  
  36  4:49  Zergling x2  
  36  4:50  Zergling x2  
  35  4:55  Zergling x2  
  35  4:58  Zergling x2  
  34  5:09  Queen  
  36  5:15  Spine Crawler  
  36  5:20  Drone x2  
  36  5:21  Drone x2  
  39  5:27  Drone  
  37  5:41  Drone x5  
  42  5:44  Drone  
  43  5:55  Drone  
  43  5:56  Overlord  
  43  6:12  Extractor  
  43  6:16  Extractor  
  43  6:17  Extractor  
  40  6:30  Drone x6  
Tags
 
Add a new tag
Caveats
  • Supply blocks, unpowered buildings, or Contaminate may cause inaccurate times.
  • Supply counts are checked every 10 seconds.